 Dungeon Crawl Stone Soup version 0.26.0-16-gc1dbca0489 (webtiles) character file.

Game seed: 14611798831408183804

49 shakesphere1979 the Vexing (level 3, -4/16 HPs)
             Began as a Spriggan Arcane Marksman on Jan 18, 2021.
             Slain by an adder (5 damage)
             ... on level 2 of the Dungeon.
             The game lasted 00:05:05 (1850 turns).

shakesphere1979 the Vexing (SpAM)                   Turns: 1850, Time: 00:05:06

Health: -4/16      AC:  2    Str:  3 (6)  XL:     3   Next: 51%
Magic:  7/7        EV: 18    Int: 12 (15) God:
Gold:   57         SH:  0    Dex: 13 (16) Spells: 3/6 levels left

rFire    . . .     SeeInvis +   b - +0 falchion
rCold    . . .     Faith    .   (shield restricted)
rNeg     . . .     Spirit   .   e - +0 robe
rPois    .         Reflect  .   (helmet restricted)
rElec    +         Harm     .   (no cloak)
rCorr    .         Rampage  .   (gloves unavailable)
Will     .....                  (boots unavailable)
Stlth    ++........             (no amulet)
HPRegen  0.05/turn              (no ring)
MPRegen  0.10/turn              (no ring)

@: lethally poisoned (-4 -> -13), flying, very quick
A: very small, unfitting armour, see invisible, speed 3, frail 1, electricity
resistance
a: no special abilities


You were on level 2 of the Dungeon.
You visited 1 branch of the dungeon, and saw 2 of its levels.

You collected 57 gold pieces.

Inventory:

Hand Weapons
 a - a +0 hunting sling
 b - a +0 falchion (weapon)
 g - a +3 dagger of freezing
Missiles
 d - 19 sling bullets
 k - 17 stones (quivered)
Armour
 e - a +0 robe (worn)
 j - a +0 buckler
Jewellery
 m - an uncursed ring of stealth {unknown}
Scrolls
 c - 2 scrolls of remove curse {unknown}
 f - a scroll of enchant armour {unknown}
 h - a scroll of immolation {unknown}
 i - 2 scrolls of identify {unknown}
 r - a scroll of random uselessness {unknown}
 s - a scroll of amnesia {unknown}
Potions
 l - a potion of degeneration
 o - a potion of lignification {unknown}
 q - a potion of curing {unknown}


   Skills:
 + Level 1.2 Fighting
 + Level 2.9 Slings
 + Level 3.5 Dodging
 + Level 1.9 Stealth
 + Level 2.2 Spellcasting
 + Level 4.0 Hexes


You had 3 spell levels left.
You knew the following spells:

 Your Spells              Type           Power        Failure   Level
a - Corona                Hex            12%          4%          1
b - Slow                  Hex            11%          8%          2

Your spell library contained the following spells:

 Spells                   Type           Power        Failure   Level
 Inner Flame              Hex/Fire       6%           34%         3
 Portal Projectile        Hex/Tloc       12%          34%         3
 Cause Fear               Hex            5%           45%         4
 Leda's Liquefaction      Hex/Erth       3%           75%         4


Dungeon Overview and Level Annotations

Branches:
Dungeon (2/15)

Altars:

Annotations:
D:2 Sigmund


Innate Abilities, Weirdness & Mutations

You are very small and have problems with some larger weapons.
You are too small for most types of armour.
You have supernaturally acute eyesight. (SInv)
You cover ground extremely quickly.
You are frail. (-10% HP)
You are resistant to electric shocks. (rElec)


Message History

Unknown command.
You feel sick.
You feel sick.
You feel sick.
* * * LOW HITPOINT WARNING * * *
You feel sick.
You see here a giant cockroach corpse.
It was a potion of degeneration.
There was something very wrong with that liquid.
You feel weakened.
You feel dopey.
You feel clumsy.
It was a potion of mutation.
You feel extremely strange.
You feel frail.
You feel insulated.
* * * LOW HITPOINT WARNING * * *
You feel sick.
It was a potion of flight.
You feel very buoyant.
You fly up into the air.
The adder bites you.
* * * LOW HITPOINT WARNING * * *
The adder bites you.
You die...

.# #.# # #.# .# #.###.#
#.# .####.....#####.##
......).####.#...##
.######.# #.......# .#
#.####.#...##
.######.........##
........####.##########.#
..# #........S@.......#
..# ######.############
..# #.# #.# ..# ###


You could see an adder.

Vanquished Creatures
  An adder (D:2)
  3 dart slugs (D:1)
  5 bats
  5 giant cockroaches
  3 goblins (D:1)
  4 hobgoblins
  4 kobolds
  2 quokkas (D:2)
  A ball python (D:1)
  A frilled lizard (D:1)
  3 rats (D:1)
32 creatures vanquished.

Notes
Turn   | Place    | Note
-------+----------+-------------------------------------------
     0 | D:1      | shakesphere1979 the Spriggan Arcane Marksman began the
                  | quest for the Orb.
     0 | D:1      | Reached XP level 1. HP: 9/9 MP: 3/3
   302 | D:1      | Reached XP level 2. HP: 14/14 MP: 3/5
   314 | D:1      | Reached skill level 1 in Fighting
   314 | D:1      | Reached skill level 1 in Stealth
   804 | D:1      | Reached XP level 3. HP: 14/18 MP: 7/7
  1127 | D:2      | Learned a level 2 spell: Slow
  1310 | D:2      | Noticed Sigmund
  1614 | D:2      | Reached skill level 4 in Hexes
  1849 | D:2      | Gained mutation: You are frail. (-10% HP) [potion of
                  | mutation]
  1849 | D:2      | Gained mutation: You are resistant to electric shocks.
                  | (rElec) [potion of mutation]
  1850 | D:2      | Slain by an adder

Illustrated notes

Levels and vault maps discovered:
D:1:      minmay_arrival_three_doors, layout_loops_ring
D:2:      layout_loops_ring, minmay_rat_gold_closets, uniq_sigmund

Skill      XL: |  1  2  3 |
---------------+----------+-----
Fighting       | 1 |  1.2
Stealth        | 1 |  1.9
Spellcasting   | 2 |  2.2
Hexes          | 4 |  4.0
Slings         | |  2.9
Dodging        | |  3.5

Action                   || total
-------------------------++-------
Melee: Mace              ||    54
       Falchion          ||    59
 Fire: Hunting sling     ||    14
 Cast: Corona            ||     1
  Use: Potion            ||     3
 Stab: Sleeping          ||     6
Armor: Robe              ||    17
Dodge: Dodged            ||   120
       Rpst.: Falchion   ||    19
